 Dungeon Crawl Stone Soup version 0.28-a0-265-g048bc9fd10 (webtiles) character file.

Game seed: 4359674968905802886

427 rogsnak the Magician (level 7, -3/46 HPs)
             Began as a Djinni Fire Elementalist on Aug 28, 2021.
             Slain by Duvessa (5 damage)
             ... on level 4 of the Dungeon.
             The game lasted 00:07:16 (4700 turns).

rogsnak the Magician (Djinni Fire Elementalist)     Turns: 4700, Time: 00:07:16

Health: -3/46      AC:  6    Str:  7    XL:     7   Next: 18%
Gold:   189        EV: 13    Int: 18    God:
                   SH:  0    Dex: 20

rFire   + + .      SeeInvis .   s - +0 war axe (elec)
rCold   x . .      Faith    .   (no shield)
rNeg    . . .      Spirit   .   a - +0 robe
rPois   ∞          Reflect  .   (no helmet)
rElec   .          Harm     .   (no cloak)
rCorr   .          Rampage  .   (no gloves)
Will    .....                   (boots unavailable)
Stlth   ++........              (no amulet)
HPRegen 0.15/turn               h - +4 ring of protection
MPRegen 0.00/turn               m - +6 ring of dexterity

@: flying, very slightly contaminated
A: sickness immunity, fire resistance 2, cold vulnerability 1, float, innate
caster, hp casting, extra vitality 1
a: no special abilities


You were on level 4 of the Dungeon.
You visited 1 branch of the dungeon, and saw 4 of its levels.

You collected 189 gold pieces.

Inventory:

Hand Weapons
 b - a +0 whip
 i - a +0 hand axe of flaming
 s - a +0 war axe of electrocution (weapon)
Missiles
 d - 2 throwing nets
 g - 15 poisoned darts
Armour
 a - a +0 robe (worn)
Jewellery
 h - a +4 ring of protection (left hand)
 m - a +6 ring of dexterity (right hand)
Scrolls
 c - 2 scrolls of amnesia {unknown}
 e - a scroll of noise {unknown}
 j - a scroll of enchant weapon {unknown}
 k - 2 scrolls of teleportation {unknown}
 l - 2 scrolls of identify {unknown}
 o - 2 scrolls of fog {unknown}
 p - a scroll of vulnerability {unknown}
 t - a scroll of magic mapping {unknown}
 u - a scroll of fear {unknown}
Potions
 f - 2 potions of heal wounds {unknown}
 n - a potion of haste {unknown}
 q - a potion of ambrosia {unknown}
 r - a potion of lignification {unknown}


   Skills:
 + Level 0.4 Fighting
 + Level 3.0 Dodging
 - Level 1.6 Stealth
 + Level 5.6 Spellcasting


You couldn't memorise any spells.
You knew the following spells:

 Your Spells              Type           Power      Damage    Failure   Level
a - Foxfire               Conj/Fire      100%       2x1d9     1%          1
b - Conjure Flame         Conj/Fire      25%        6-21      3%          3
c - Inner Flame           Hex/Fire       25%        N/A       3%          3
d - Sticky Flame          Conj/Fire      25%        2d5       12%         4
e - Fireball              Conj/Fire      12%        3d7       34%         5
f - Beastly Appendage     Tmut           50%        N/A       1%          1
g - Searing Ray           Conj           50%        3d5       1%          2
h - Teleport Other        Tloc           25%        N/A       3%          3
Your spell library was empty.

Dungeon Overview and Level Annotations

Branches:
Dungeon (4/15)
 Temple: D:4-7

Altars:
Fedhas

Annotations:
D:4 Duvessa


Innate Abilities, Weirdness & Mutations

You are immune to sickness and miasma.
You are immune to poison.
Your flesh is very heat resistant. (rF++)
You are vulnerable to cold. (rC-)
You float through the air rather than walking.
You learn spells naturally, not from books.
Your magical power is your life essence.
You have superior vitality. (+4 HP)


Message History

Press: ? - help, Shift-Dir - straight line, f - Dowan
Aim: Dowan, wielding a +2 dagger of venom and wearing a +0 robe (almost dead, 100% to hit)
The sticky flame hits Dowan.
You kill Dowan!
You hear a distant scream of rage.
Duvessa, Sister of Dowan comes into view.
She is wielding a +0 short sword.
Duvessa goes berserk!
Casting: Sticky Flame (quite dangerous; 12% risk of failure)
Confirm with . or Enter, or press ? or * to list all spells.
Aiming: Searing Ray (safe; 1% risk of failure)
Press: ? - help, Shift-Dir - straight line, f - Duvessa
Aim: Duvessa, wielding a +0 short sword and wearing a +0 leather armour (berserk, 82% to hit)
The searing ray hits Duvessa!
Duvessa is lightly wounded. (Press . to maintain the ray.)
Casting: Searing Ray (safe; 1% risk of failure)
Confirm with . or Enter, or press ? or * to list all spells.
The spell is quite dangerous to cast (12% risk of failure)!
Continue anyway?
Aiming: Sticky Flame (quite dangerous; 12% risk of failure)
Press: ? - help, Shift-Dir - straight line, f/p - Duvessa
Aim: Duvessa, wielding a +0 short sword and wearing a +0 leather armour (lightly wounded, berserk, 100% to hit)
You miscast Sticky Flame.
You are very lightly contaminated with residual magic.
Nothing appears to happen.
Duvessa closely misses you.
Casting: Sticky Flame (quite dangerous; 12% risk of failure)
Confirm with . or Enter, or press ? or * to list all spells.
The spell is quite dangerous to cast (12% risk of failure)!
Continue anyway?
Aiming: Sticky Flame (quite dangerous; 12% risk of failure)
Press: ? - help, Shift-Dir - straight line, f/p - Duvessa
Aim: Duvessa, wielding a +0 short sword and wearing a +0 leather armour (lightly wounded, berserk, 100% to hit)
The sticky flame hits Duvessa.
Duvessa is moderately wounded.
Duvessa is covered in liquid flames!
Duvessa burns!
Duvessa hits you with a +0 short sword! Duvessa barely misses you.
Duvessa burns!
Duvessa burns!
Duvessa hits you with a +0 short sword!
* * * LOW HITPOINT WARNING * * *
Unknown command.
Duvessa burns!
Duvessa hits you with a +0 short sword.
You die...

......[.###..#
.........##..##
.........##...#
.........###..#
.........# #..##
.........# #...#
.....(...# ##..##
.........####...####
........##.....e@..#
############.#######
###### #.
##)##.#.####....##
###.##...##.###..(†.#.#
.§.#...8..(#.......####
..#.†#...#..#.....#.#
....#..8..#....#.####
#..#.......#..#.#.#
####.##.##.########


You could see Duvessa (berserk, burning).

Vanquished Creatures
  A scorpion (D:4)
  Dowan (D:4)
  2 hounds
  Natasha (thrice) (D:3)
  8 adders
  3 gnolls (D:2)
  2 worms
  3 dart slugs
  4 orcs (D:3)
  6 ball pythons
  5 bats
  4 endoplasms
  3 giant cockroaches
  4 goblins
  3 hobgoblins
  11 jackals
  2 kobolds (D:1)
  4 quokkas
  A frilled lizard (D:1)
  3 rats
73 creatures vanquished.

Vanquished Creatures (collateral kills)
  A foxfire (D:2)
1 creature vanquished.

Vanquished Creatures (others)
  276 foxfires
276 creatures vanquished.

Grand Total: 350 creatures vanquished

Notes
Turn   | Place    | Note
-------+----------+-------------------------------------------
     0 | D:1      | rogsnak the Djinni Fire Elementalist began the quest for
                  | the Orb.
     0 | D:1      | Reached XP level 1. HP: 15/15 MP: 0/0
   151 | D:1      | Reached XP level 2. HP: 14/21 MP: 0/0
   582 | D:1      | Reached skill level 3 in Spellcasting
   764 | D:1      | Reached XP level 3. HP: 23/25 MP: 0/0
   764 | D:1      | Learned a level 1 spell: Beastly Appendage
  1649 | D:2      | Reached XP level 4. HP: 28/31 MP: 0/0
  1951 | D:2      | Reached skill level 4 in Spellcasting
  1951 | D:2      | Reached XP level 5. HP: 23/35 MP: 0/0
  1951 | D:2      | Learned a level 2 spell: Searing Ray
  2317 | D:2      | Found a blossoming altar of Fedhas.
  3219 | D:3      | Noticed Natasha
  3228 | D:3      | Killed Natasha
  3272 | D:3      | Noticed Natasha
  3277 | D:3      | Killed Natasha
  3278 | D:3      | Reached XP level 6. HP: 20/40 MP: 0/0
  3533 | D:3      | Found a faded altar of an unknown god.
  3534 | D:3      | Noticed a shining eye
  3547 | D:3      | Noticed a great orb of eyes
  3547 | D:3      | Noticed a great orb of eyes
  3547 | D:3      | Noticed an eye of devastation
  4106 | D:3      | Noticed Natasha
  4110 | D:3      | Killed Natasha
  4111 | D:3      | Reached skill level 5 in Spellcasting
  4458 | D:4      | Reached XP level 7. HP: 17/46 MP: 0/0
  4458 | D:4      | Learned a level 3 spell: Teleport Other
  4681 | D:4      | Noticed Dowan
  4693 | D:4      | Killed Dowan
  4693 | D:4      | Noticed Duvessa
  4699 | D:4      | HP: 2/46 [Duvessa (13)]
  4700 | D:4      | Slain by Duvessa

Illustrated notes

Levels and vault maps discovered:
D:1:      minmay_arrival_shoal_huts, layout_basic, minmay_misc_feat_columns
D:2:      layout_loops_corners, serial_bayou, serial_bayou_pond_a,
          serial_bayou_ford_a, serial_bayou_shore_a, serial_bayou_pond_a,
          serial_bayou_pond_d, serial_bayou_shore_b, basic_altar
D:3:      layout_loops_ring, hellmonk_ecumenical_altar_watching_god,
          nrook_campfire, st_stairs_4, uniq_natasha
D:4:      wad_crossroads, layout_cave_pods, zin_purify, uniq_menkaure,
          uniq_ijyb, uniq_duvessa

Skill      XL: |  1  2  3  4  5  6 |
---------------+-------------------+-----
Spellcasting   | 3 4 5 |  5.6
Dodging        | 3 |  3.0
Fighting       | |  0.4
Stealth        | |  1.6

Action                   |  1- 3 |  4- 6 |  7- 9 || total
-------------------------+-------+-------+-------++-------
Melee: Whip              |     5 |       |       ||     5
       Hand axe          |       |    19 |       ||    19
 Cast: Foxfire           |    54 |   110 |     5 ||   169
       Sticky Flame      |       |     1 |     2 ||     3
       Fireball          |       |     1 |       ||     1
       Searing Ray       |       |       |     2 ||     2
Armor: Robe              |     2 |    11 |       ||    13
Dodge: Dodged            |     5 |    18 |     3 ||    26

Table legend: (Time is in decaauts)
 A = Elapsed time spent in this place.
 B = Non-inter-level travel time spent in this place.
 C = Inter-level travel time spent in this place.
 D = Time resting spent in this place.
 E = Time spent auto-exploring this place.
 F = Levels seen in this place.
 G = Mean time per level.
                   A        B        C        D        E       F      G
               +--------+--------+--------+--------+--------+-----+--------+
         Total |   4702 |   4677 |     25 |    354 |   3615 |   4 | 1175.5 |
       Dungeon |   4702 |   4677 |     25 |    354 |   3615 |   4 | 1175.5 |
               +--------+--------+--------+--------+--------+-----+--------+

Top non-repeatable levels by time:
     D:3: 1473 daAuts
     D:1: 1423 daAuts
     D:2: 1258 daAuts
     D:4: 548 daAuts
